 Dungeon Crawl Stone Soup version 0.26-a0-652-gafc20e3620 (webtiles) character file.

Game seed: 9247939658898435871

28 DogServant the Grave Robber (level 3, -2/21 HPs)
             Began as a Tengu Necromancer on Oct 3, 2020.
             Slain by a worm (12 damage)
             ... on level 2 of the Dungeon.
             The game lasted 00:02:00 (2238 turns).

DogServant the Grave Robber (Tengu Necromancer)     Turns: 2238, Time: 00:02:00

Health: -2/21      AC:  2    Str:  9    XL:     3   Next: 14%
Magic:  0/7        EV: 12    Int: 15    God:
Gold:   1          SH:  0    Dex: 14    Spells: 1/6 levels left

rFire    . . .     SeeInvis .   d - +0 dagger
rCold    . . .     Faith    .   (no shield)
rNeg     . . .     Spirit   .   a - +0 robe
rPois    .         Reflect  .   (helmet restricted)
rElec    .         Harm     .   (no cloak)
rCorr    .         Rampage  .   (no gloves)
MR       .....                  (boots unavailable)
Stlth    ++........             (no amulet)
HPRegen  0.07/turn              (no ring)
MPRegen  0.10/turn              (no ring)

@: no status effects
A: beak, talons 3
a: no special abilities


You were on level 2 of the Dungeon.
You visited 1 branch of the dungeon, and saw 2 of its levels.

You collected 1 gold pieces.

Inventory:

Hand Weapons
 d - a +0 dagger (weapon)
Armour
 a - a +0 robe (worn)
Scrolls
 c - a scroll of enchant armour {unknown}
 e - 2 scrolls of remove curse {unknown}
 f - a scroll of enchant weapon {unknown}
 h - a scroll of amnesia {unknown}
 i - a scroll of magic mapping {unknown}
Potions
 b - a potion of lignification {unknown}
 g - a potion of heal wounds {unknown}


   Skills:
 + Level 1.7 Fighting
 - Level 2.1 Dodging
 - Level 2.0 Stealth
 - Level 2.0 Spellcasting
 + Level 5.0 Necromancy


You had one spell level left.
You knew the following spells:

 Your Spells              Type           Power        Failure   Level
a - Pain                  Necr           ###.         2%          1
b - Animate Skeleton      Necr           ###...       2%          1
c - Vampiric Draining     Necr           ###.......   9%          3

Your spell library contained the following spells:

 Spells                   Type           Power        Failure   Level
 Animate Dead             Necr           ###.......   28%         4
 Agony                    Necr           ###.....     61%         5


Dungeon Overview and Level Annotations

Branches:
Dungeon (2/15)

Altars:


Innate Abilities, Weirdness & Mutations

You have a beak for a mouth.
You have claws for feet.


Message History

Confirm with . or Enter, or press ? or * to list all spells.
Aiming: Pain (safe; 2% risk of failure)
Press: ? - help, Shift-Dir - straight line, f/p - worm
Aim: a worm (severely wounded, chance to defeat MR: 81%)
The worm barely resists.
The worm barely misses you.
Casting: Pain (safe; 2% risk of failure)
Confirm with . or Enter, or press ? or * to list all spells.
Aiming: Pain (safe; 2% risk of failure)
Press: ? - help, Shift-Dir - straight line, f/p - worm
Aim: a worm (heavily wounded, chance to defeat MR: 81%)
The worm writhes in agony.
Unknown command.
You barely miss the worm. You peck the worm.
The worm is severely wounded.
The worm bites you.
You hit the worm but do no damage. You claw the worm.
The worm is almost dead.
The worm bites you!
Ouch! That really hurt!
You die...

#### ..# # #.#
####.##.###########
......)...w@...>..#
.#####.#######.### #.#
#.# #.# #.# #(# #(###
#w# #...# #.# ###.###
#.########.>..#
########)#...........#


You could see a worm.

Vanquished Creatures
  An ooze (D:2)
  A ball python (D:1)
  2 bats (D:1)
  A giant cockroach (D:1)
  2 hobgoblins
  3 jackals (D:1)
  3 kobolds (D:1)
  3 goblins
  6 rats
22 creatures vanquished.

Notes
Turn   | Place    | Note
-------+----------+-------------------------------------------
     0 | D:1      | DogServant the Tengu Necromancer began the quest for the
                  | Orb.
     0 | D:1      | Reached XP level 1. HP: 10/10 MP: 4/4
   896 | D:1      | Reached skill level 1 in Fighting
   896 | D:1      | Reached XP level 2. HP: 16/16 MP: 6/6
  1295 | D:1      | Learned a level 1 spell: Animate Skeleton
  1885 | D:2      | Reached XP level 3. HP: 8/21 MP: 3/7
  2105 | D:2      | Reached skill level 5 in Necromancy
  2230 | D:2      | Learned a level 3 spell: Vampiric Draining
  2238 | D:2      | Slain by a worm

Illustrated notes

Levels and vault maps discovered:
D:1:      dpeg_arrival_boxorama, layout_basic
D:2:      layout_basic, uniq_jessica

Skill      XL: |  1  2  3 |
---------------+----------+-----
Fighting       | 1 |  1.7
Necromancy     | 5 |  5.0
Dodging        | |  2.1
Stealth        | |  2.0
Spellcasting   | |  2.0

Action                   || total
-------------------------++-------
Melee: Dagger            ||    37
       Kick              ||     7
       Peck              ||     4
 Cast: Pain              ||    34
       Animate Skeleton  ||     1
       Vampiric Draining ||     1
 Stab: Sleeping          ||     2
Armor: Robe              ||     7
Dodge: Dodged            ||    27

Table legend: (Time is in decaauts)
 A = Elapsed time spent in this place.
 B = Non-inter-level travel time spent in this place.
 C = Inter-level travel time spent in this place.
 D = Time resting spent in this place.
 E = Time spent auto-exploring this place.
 F = Levels seen in this place.
 G = Mean time per level.
                   A        B        C        D        E       F      G
               +--------+--------+--------+--------+--------+-----+--------+
         Total |   2237 |   2220 |     17 |    437 |   1609 |   2 | 1118.5 |
       Dungeon |   2237 |   2220 |     17 |    437 |   1609 |   2 | 1118.5 |
               +--------+--------+--------+--------+--------+-----+--------+

Top non-repeatable levels by time:
     D:1: 1855 daAuts
     D:2: 381 daAuts
